 Dungeon Crawl Stone Soup version 0.30-a0-168-g0b976cbdc4 (webtiles) character file.

Game seed: 17953747262080219947

107 qw the Chopper (level 4, -1/28 HPs)
             Began as a Gargoyle Fighter on Sept 29, 2022.
             Slain by a gnoll
             ... wielding a +0 spear
              (7 damage)
             ... on level 3 of the Dungeon.
             The game lasted 00:00:51 (2041 turns).

qw the Chopper (Gargoyle Fighter)                   Turns: 2041, Time: 00:00:52

Health: -1/28      AC: 12    Str: 22    XL:     4   Next: 85%
Magic:  4/4        EV:  7    Int:  8    God:
Gold:   88         SH:  4    Dex:  9    Spells: 3/3 levels left

rFire   . . .      SeeInvis .    Y - +1 war axe (venom)
rCold   . . .      Faith    .    c - +0 buckler
rNeg    + . .      Spirit   .    a - +0 chain mail
rPois   inf        Reflect  .    (no helmet)
rElec   +          Harm     .    (no cloak)
rCorr   .          Rampage  .    (no gloves)
Will    .....                    (no boots)
Stlth   ..........               (no amulet)
HPRegen 0.09/turn                (no ring)
MPRegen 0.09/turn                (no ring)

@: no status effects
A: sickness immunity, AC +3, negative energy resistance 1, electricity
resistance, torment resistance 1, petrification resistance
a: no special abilities


You were on level 3 of the Dungeon.
You visited 1 branch of the dungeon, and saw 3 of its levels.

You collected 88 gold pieces.


Innate Abilities, Weirdness & Mutations

You are immune to sickness and miasma.
Your stone body is resilient. (AC +3)
You are immune to poison.
You resist negative energy. (rN+)
You are resistant to electric shocks. (rElec)
You are resistant to unholy torment.
You are immune to petrification.


   Skills:
 - Level 3.2 Fighting
 + Level 4.4 Axes
 - Level 3.2 Armour
 - Level 3.2 Shields


You had 3 spell levels left.
You didn't know any spells.
Your spell library was empty.

Inventory:

Hand Weapons
 b - a +0 whip
 Y - a +1 war axe of venom (weapon)
Missiles
 l - 2 boomerangs (quivered)
Armour
 a - a +0 chain mail (worn)
 c - a +0 buckler (worn)
Scrolls
 i - 2 scrolls of identify
 o - a scroll of teleportation
Potions
 d - a potion of might
 e - a potion of resistance {unknown}
 f - a potion of attraction
 g - a potion of mutation {unknown}
 j - a potion of magic {unknown}
 p - a potion of heal wounds

Dungeon Overview and Level Annotations

Branches:
Dungeon (3/15)

Altars:


Message History

A hobgoblin comes into view.
You hear a shout!
Throw: 2 boomerangs
Press: ? - help, Q - select action Shift-Dir - straight line, f/p - gnoll You throw a boomerang.
The boomerang hits the gnoll but does no damage.
Throw: 2 boomerangs
Press: ? - help, Q - select action Shift-Dir - straight line, f/p - gnoll You throw a boomerang.
The boomerang closely misses the gnoll.
Throw: 2 boomerangs
Press: ? - help, Q - select action Shift-Dir - straight line, f/p - gnoll You throw a boomerang.
The boomerang closely misses the gnoll.
You barely miss the gnoll.
A gnoll comes into view. It is wielding a +0 halberd.
A gnoll comes into view. It is wielding a +0 spear.
The gnoll hits you with a +0 club.
You barely miss the gnoll.
The gnoll shouts! x2
You hit the hobgoblin.
The hobgoblin is poisoned.
The hobgoblin hits you but does no damage.
A gnoll comes into view. It is wielding a +0 spear.
The gnoll hits you with a +0 club.
The gnoll shouts!
You hit the hobgoblin.
You kill the hobgoblin!
You hit the gnoll but do no damage.
The gnoll is poisoned.
The gnoll hits you with a +0 club. The gnoll completely misses you.
You closely miss the gnoll.
The gnoll is lightly wounded.
You slash the gnoll!
The gnoll looks as sick as possible!
The gnoll is almost dead.
The gnoll completely misses you.
You closely miss the gnoll.
The gnoll is almost dead.
You kill the gnoll!
The gnoll completely misses you. You block the gnoll's attack.
The gnoll hits you but does no damage.
The gnoll hits you from afar with a +0 halberd!
The gnoll hits you from afar with a +0 spear!
You die...

#.###.##...)).....# .
#.###.##....)...#.#.#
##..........))........
###......<..........##.#
#.......................
#.#.#..............###..
. # #..............##..#
#######.....).g....#
##:..#@.g.##.#
#.......g.....
#...........[..
#..............
#.>............
...........#$..
#..............
..........#....


You could see 3 gnolls.

Vanquished Creatures
  An orc wizard (D:3)
  An adder (D:2)
  A gnoll (D:3)
  A worm (D:2)
  5 orcs (D:3)
  4 bats
  An endoplasm (D:1)
  4 giant cockroaches
  2 goblins
  6 hobgoblins
  11 jackals
  4 kobolds
  4 quokkas
  8 ball pythons
  2 frilled lizards
  2 rats (D:1)
57 creatures vanquished.

Vanquished Creatures (others)
  A plant (D:2)
1 creature vanquished.

Grand Total: 58 creatures vanquished

Notes
Turn   | Place    | Note
-------+----------+-------------------------------------------
     0 | D:1      | qw the Gargoyle Fighter began the quest for the Orb.
     0 | D:1      | Reached XP level 1. HP: 14/14 MP: 1/1
     0 | D:1      | 0 ||| qw: Version: 0.2-a-12-gaebbb33
     0 | D:1      | 0 ||| qw: Game counter: 1153
     0 | D:1      | 0 ||| qw: Always use a shield: true
     0 | D:1      | 0 ||| qw: God list: Okawaru
     0 | D:1      | 0 ||| qw: Allow faded altars: false
     0 | D:1      | 0 ||| qw: Do Orc after D:15 true
     0 | D:1      | 0 ||| qw: Do second Lair branch before Depths: true
     0 | D:1      | 0 ||| qw: Lair rune preference: random
     0 | D:1      | 0 ||| qw: Plans: Normal, Zot:1-4, God:TSO, Crypt, Tomb,
                  | Pan, Slime:5, Hells, Abyss, Orb
     0 | D:1      | 0 ||| PLANNING D:1-11
    30 | D:1      | Reached skill level 2 in Axes
   242 | D:1      | Reached XP level 2. HP: 19/19 MP: 2/2
   549 | D:1      | Reached skill level 3 in Axes
   605 | D:1      | Reached XP level 3. HP: 23/23 MP: 3/3
   994 | D:1      | 994 ||| READING scroll labelled UTAMIL ILEOWK.
   995 | D:1      | 995 ||| READING scroll labelled ASAPPOEZXO.
   996 | D:1      | 996 ||| READING 2 scrolls labelled AQAIGY MALLU.
   997 | D:1      | 997 ||| READING scroll labelled TEULIZX BAVYMI.
   998 | D:1      | 998 ||| DRINKING 2 brown potions.
   999 | D:1      | 999 ||| DROPPING scroll of immolation.
  1154 | D:2      | 1154 ||| Stepping ~*~*~tactically~*~*~ (stealth).
  1157 | D:2      | 1157 ||| Stepping ~*~*~tactically~*~*~ (stealth).
  1330 | D:2      | Found a faded altar of an unknown god.
  1388 | D:2      | 1388 ||| Stepping ~*~*~tactically~*~*~ (stealth).
  1389 | D:2      | 1389 ||| Stepping ~*~*~tactically~*~*~ (stealth).
  1414 | D:2      | 1414 ||| Stepping ~*~*~tactically~*~*~ (stealth).
  1415 | D:2      | 1415 ||| Stepping ~*~*~tactically~*~*~ (stealth).
  1418 | D:2      | 1418 ||| Stepping ~*~*~tactically~*~*~ (stealth).
  1435 | D:2      | 1435 ||| Stepping ~*~*~tactically~*~*~ (stealth).
  1697 | D:2      | 1697 ||| Stepping ~*~*~tactically~*~*~ (stealth).
  1702 | D:2      | Reached XP level 4. HP: 28/28 MP: 4/4
  1899 | D:2      | 1899 ||| UPGRADING to +0 chain mail.
  1909 | D:2      | 1909 ||| DROPPING +0 scale mail.
  1910 | D:2      | 1910 ||| DROPPING ring of flight.
  1911 | D:2      | 1911 ||| READING scroll labelled JIXIEK CI AMI.
  1912 | D:2      | 1912 ||| READING 2 scrolls labelled TOT SARISOAS.
  1917 | D:2      | 1917 ||| DRINKING 2 grey potions.
  1918 | D:2      | 1918 ||| DRINKING 2 sedimented puce potions.
  1919 | D:2      | 1919 ||| DROPPING potion of flight.
  1966 | D:3      | Reached skill level 4 in Axes
  2020 | D:3      | 2020 ||| DROPPING +0 club.
  2041 | D:3      | HP: 6/28 [gnoll/+0 halberd (12)]
  2041 | D:3      | Slain by a gnoll

Levels and vault maps discovered:
D:1:      minmay_arrival_open_corners, layout_basic, minmay_misc_feat_cross,
          minmay_crystal_water
D:2:      layout_loops_cross, shapermc_ecumenical_altar_starsandcircs,
          minmay_shallow_snake_nest
D:3:      layout_rooms, ebering_ghost_inner_flame, serial_shops,
          nicolae_shop_hallway_stairs

Skill      XL: |  1  2  3  4 |
---------------+-------------+-----
Axes           | 2 3 4 |  4.4
Fighting       | |  3.2
Armour         | |  3.2
Shields        | |  3.2

Action                   |  1- 3 |  4- 6 || total
-------------------------+-------+-------++-------
Melee: War axe           |   132 |    35 ||   167
Throw: Boomerang         |     1 |     4 ||     5
  Use: Scroll            |     4 |     2 ||     6
       Potion            |     1 |     2 ||     3
Armor: Scale mail        |    74 |    14 ||    88
       Chain mail        |       |    18 ||    18
Dodge: Dodged            |    67 |    24 ||    91
Block: Buckler           |    30 |    10 ||    40

Table legend:
 A = Non-vault XP
 B = Vault XP
 C = Vault XP percentage of total XP
 D = Non-vault monster count
 E = Vault monster count
 F = Vault count percentage of total count
                 A         B        C        D         E       F
            +---------+---------+-------+---------+---------+-------
      Total |     151 |      16 |   9.6 |      54 |       3 |   5.3
            +---------+---------+-------+---------+---------+-------
        D:1 |      42 |       0 |   0.0 |      25 |       0 |   0.0
        D:2 |      40 |      16 |  28.6 |      20 |       3 |  13.0
        D:3 |      69 |       0 |   0.0 |       9 |       0 |   0.0
            +---------+---------+-------+---------+---------+-------
